 Dungeon Sprint DCSS version 0.32-a0-42-ga30500b4d3 (webtiles) character file.

Game seed: 13444302175734046568

8155 fingers the Fencer (level 11, -4/92 (95) HPs)
             Began as a Merfolk Gladiator on Jan 30, 2024.
             Slain by a searing wretch (23 damage)
             ... in the Dungeon (Sprint V: "Ziggurat Sprint").
             The game lasted 00:03:24 (412 turns).

fingers the Fencer (Merfolk Gladiator)               Turns: 412, Time: 00:03:24

HP:   -4/92 (95)    AC: 30    Str: 17    XL:     11   Next: 26%
MP:   11/11         EV:  7    Int:  8    God:
Gold: 0             SH: 34    Dex: 29    Spells: 10/10 levels left

rFire   + . .        G - +11 Screaming Sword {sonic wave}
rCold   + . .        F - +18 shield of the Gong {Loud rN+ Will+ rCorr EV-5}
rNeg    + . .        E - +15 Maxwell's patent armour {-Cast -Tele rElec Will+ rCorr}
rPois   +            c - +0 helmet
rElec   +            (no cloak)
rCorr   +            N - +0 pair of gloves {hurl}
SInv    .            (no boots)
Will    ++...        I - amulet of regeneration Stlth
                     y - +6 ring of dexterity
HPRegen 1.15/turn    z - +6 ring of dexterity
MPRegen 0.12/turn

%: no teleportation, no spellcasting
@: mighty, resistant, lightly drained
A: (nimble swimmer 2), mertail
a: no special abilities


You were in the Dungeon.
You visited 1 branch

Inventory:

Hand Weapons
 a - a +0 long sword
 G - the +11 Screaming Sword (weapon) {sonic wave}
   (You found it in the Dungeon)
Missiles
 d - 3 throwing nets (quivered)
 e - a javelin
Armour
 b - a +0 leather armour
 c - a +0 helmet (worn)
 E - the +15 Maxwell's patent armour (worn) {-Cast -Tele rElec Will+ rCorr}
   (You found it in the Dungeon)

   rElec:     It insulates you from electricity.
   Will+:     It increases your willpower.
   -Cast:     It prevents spellcasting.
   -Tele:     It prevents most forms of teleportation.
   rCorr:     It protects you from acid and corrosion.
 F - the +18 shield of the Gong (worn) {Loud rN+ Will+ rCorr EV-5}
   (You found it in the Dungeon)

   Loud:      It is deafeningly noisy when blocking attacks.
   EV-5:      It affects your evasion (-5).
   rN+:       It protects you from negative energy.
   Will+:     It increases your willpower.
   rCorr:     It protects you from acid and corrosion.
 N - a +0 pair of gloves of hurling (worn)
Jewellery
 x - a ring of flight
 y - a +6 ring of dexterity (left hand)
 z - a +6 ring of dexterity (right hand)
 A - a +6 ring of intelligence
 B - a +6 ring of intelligence
 C - a +6 ring of strength
 D - a +6 ring of strength
 I - an amulet of regeneration (around neck)
 K - a ring of poison resistance
Wands
 o - a wand of polymorph (9)
 u - a wand of mindburst (7)
 v - a wand of iceblast (12)
 w - a wand of acid (7)
 J - a wand of flame (15)
 M - a wand of paralysis (9)
Scrolls
 k - 4 scrolls of blinking
 q - 4 scrolls of amnesia
 r - 7 scrolls of fog
 s - 5 scrolls of identify
 t - 2 scrolls of fear
 L - 3 scrolls of brand weapon
Potions
 f - 10 potions of curing
 g - 5 potions of heal wounds
 h - 13 potions of haste
 i - 7 potions of magic
 j - 3 potions of berserk rage
 l - 2 potions of brilliance
 m - 2 potions of invisibility
 n - 3 potions of resistance
 p - 3 potions of might
Miscellaneous
 H - a box of beasts


   Skills:
 + Level 12.1 Fighting
 + Level 19.1 Long Blades
 + Level 5.8 Throwing
 + Level 6.7 Armour
 + Level 11.7 Dodging
 + Level 13.7 Shields
 + Level 1.3 Evocations


You had 10 spell levels left.
You didn't know any spells.
Your spell library contained the following spells:

 Spells                   Type           Power      Damage    Failure   Level
 Apportation              Tloc           0%         N/A       100%        1
 Magic Dart               Conj           0%         1d3       100%        1
 Necrotise                Necr           0%         1d4       100%        1
 Confusing Touch          Hex            0%         N/A       100%        3
 Hailstorm                Conj/Ice       0%         3d5       100%        3
 Summon Ice Beast         Ice/Summ       0%         N/A       100%        3
 Tukima's Dance           Hex            0%         N/A       100%        3
 Animate Dead             Necr           0%         N/A       100%        4
 Brom's Barrelling Bould  Conj/Erth      0%         2d3       100%        4
 Cause Fear               Hex            0%         N/A       100%        4
 Flame Wave               Conj/Fire      0%         2d4       100%        4
 Vhi's Electric Charge    Tloc/Air       0%         N/A       100%        4
 Arcjolt                  Conj/Air       0%         1d10      100%        5
 Borgnjor's Vile Clutch   Necr/Erth      0%         N/A       100%        5
 Fireball                 Conj/Fire      0%         3d3       100%        5
 Freezing Cloud           Conj/Ice/Air   0%         6-21      100%        5
 Iskenderun's Battlesphe  Conj           0%         2d6       100%        5
 Metabolic Englaciation   Hex/Ice        0%         N/A       100%        5
 Conjure Ball Lightning   Conj/Air       0%         3x3d6     100%        6
 Death Channel            Necr           0%         N/A       100%        6
 Dispersal                Tloc           0%         N/A       100%        6
 Sculpt Simulacrum        Ice/Alch       0%         N/A       100%        6
 Haunt                    Necr/Summ      0%         N/A       100%        7
 Borgnjor's Revivificati  Necr           0%         N/A       100%        8
 Maxwell's Capacitive Co  Air            0%         ∞         100%        8
 Death's Door             Necr           0%         N/A       100%        9
 Dragon's Call            Summ           0%         N/A       100%        9


Dungeon Overview and Level Annotations

Branches:
Dungeon (1/1)

Altars:
Ashenzari
Cheibriados
Dithmenos
Elyvilon
Fedhas
Gozag
Hepliaklqana
Kikubaaqudgha
Makhleb
Nemelex Xobeh
Okawaru
Qazlal
Ru
Sif Muna
Trog
Uskayaw
Vehumet
Wu Jian
Xom
Yredelemnul
Zin
The Shining One
Jiyva
Lugonu


Innate Abilities, Weirdness & Mutations

((You are very nimble when in or above water. (Stealth+, EV+, Speed+++)))
Your lower body shifts to a powerful aquatic tail in water.


Message History

You slice the hell hog!!
The Screaming Sword bellows, "I AM THE MASTER OF MUSIC!"
You send a blast of sound all around you.
The hell hog is moderately wounded.
The hellion is heavily wounded.
The hell hog is moderately wounded.
The Brimstone Fiend is lightly wounded.
The searing wretch is lightly damaged.
The balrug is moderately wounded.
The hellephant is lightly wounded.
The balrug is moderately wounded.
The hell hog is severely wounded.
The hell hog is almost dead. x2
You block the hell hog's attack.
GONNNNG!
You block the hell hog's attack.
SHROANNG!
The hellephant tramples you but does no damage.
The hellephant bites you but does no damage.
You block the hellephant's attack.
GONNNNG!
The balrug hits you with a +2 demon whip of draining.
You are engulfed in flames!
You resist. You partially resist.
You feel drained. The balrug barely misses you.
You closely miss the hell hog.
The hell hog is almost dead.
You block the hell hog's attack.
BONNNG!
The hell hog bites you but does no damage.
You block the hellephant's attack.
BONNNG!
You block the hellephant's attack.
GONNNNG!
The hellephant gores you but does no damage.
The balrug hits you with a +2 demon whip of draining!
You are engulfed in flames!
You resist.
* * * LOW HITPOINT WARNING * * *
You partially resist.
You feel drained.
* * * LOW HITPOINT WARNING * * *
The searing wretch claws you!!
You die...

▓...8©8...▓
▓..[=/:|..▓....)....▓
▓..)=:=)..▓....).)..▓
▓.........▓...).....▓
▓.........▓...)))...▓
▓.........▓...))....▓
▓...1h....▓...).....▓
▓...2Ynh..▓.▓.....▓.▓
▓.▓22@h.▓.▓....©....▓
▓...h©....▓▓▓▓▓▓▓▓▓▓▓
▓▓▓▓▓▓▓▓▓▓▓


You could see a hellephant, a searing wretch, a Brimstone Fiend, 2 balrugs, 4
hell hogs and a hellion.

Vanquished Creatures
  A dancing weapon (D)
  3 deep elf knights (D)
  A death drake (shapeshifter) (D)
  A deep elf zephyrmancer (D)
  A deep elf pyromancer (D)
  2 wolf spiders (D)
  4 toenail golems (D)
  4 merfolk (D)
  3 redbacks (D)
  A hell hound (D)
  4 orc warriors (D)
  2 phantoms (D)
  A scorpion (D)
  2 necrophages (D)
  2 earth elementals (D)
  A wight (D)
  4 orc priests (D)
  8 orc wizards (D)
  A shadow imp (D)
  An ufetubus (D)
  4 orcs (D)
  A bat skeleton (D)
  2 giant cockroach zombies (D)
54 creatures vanquished.

Notes
Turn   | Place    | Note
-------+----------+-------------------------------------------
     0 | D        | fingers the Merfolk Gladiator began the quest for the Orb.
     0 | D        | Reached XP level 1. HP: 16/16 MP: 1/1
     0 | D        | Found a shimmering blue altar of Sif Muna.
     0 | D        | Found a bloodstained altar of Trog.
     0 | D        | Found a sacrificial altar of Ru.
     0 | D        | Found a stormy altar of Qazlal.
     0 | D        | Found an iron altar of Okawaru.
     1 | D        | Found a sparkling altar of Nemelex Xobeh.
     1 | D        | Found a blossoming altar of Fedhas.
     1 | D        | Found the +6 Majin-Bo {spellvamp, MP+6 Int+6}
     1 | D        | Found the +27 heavy crossbow "Sniper" {heavy, Acc+∞ SInv}
     1 | D        | Found the +10 dark maul {heavy}
     1 | D        | Found the +15 Maxwell's patent armour {-Cast -Tele rElec
                  | Will+ rCorr}
     1 | D        | Found the +18 shield of the Gong {Loud rN+ Will+ rCorr
                  | EV-5}
     1 | D        | Found the +16 obsidian axe {drain, demonic, Mesm ^Drain Fly
                  | SInv}
     1 | D        | Found the +7 great mace "Firestarter" {flame, immolate,
                  | rFlCloud rF++}
     1 | D        | Found the +6 shillelagh "Devastator" {shatter}
     1 | D        | Found the +11 plutonium sword {^Contam Stlth-}
     1 | D        | Found the +8 lance "Wyrmbane" {slay drac, rPois rF+ rC+
                  | AC+3}
     1 | D        | Found the +9 sword of Zonguldrok {reap}
     1 | D        | Found the +13 scythe of Curses {drain, curses, ^Drain}
     1 | D        | Found the +9 sword of Power {lifebolt}
     1 | D        | Found the +7 mace of Variability {chaos, chaos arc}
     1 | D        | Found the +11 Singing Sword {sonic wave}
     1 | D        | Found the +8 storm bow {elec, penet}
     3 | D        | Found a transporter.
     3 | D        | Found an ancient bone altar of Kikubaaqudgha.
     3 | D        | Found a viscous altar of Jiyva.
     3 | D        | Found a corrupted altar of Lugonu.
     3 | D        | Found a hazy altar of Hepliaklqana.
     3 | D        | Found a burning altar of Makhleb.
     3 | D        | Found an opulent altar of Gozag.
    39 | D        | Reached skill level 5 in Long Blades
    39 | D        | Reached XP level 2. HP: 26/26 MP: 2/2
    45 | D        | Entered arena 2.
    45 | D        | Noticed a necrophage
    45 | D        | Found a transporter.
    48 | D        | Killed a necrophage
    49 | D        | Reached skill level 7 in Long Blades
    49 | D        | Reached XP level 3. HP: 32/32 MP: 3/3
    49 | D        | Reached XP level 4. HP: 38/38 MP: 4/4
    57 | D        | Entered arena 3.
    57 | D        | Found a transporter.
    66 | D        | Reached skill level 5 in Fighting
   115 | D        | Entered arena 4.
   115 | D        | Noticed a hell hound
   115 | D        | Found a transporter.
   119 | D        | Killed a hell hound
   120 | D        | Reached skill level 9 in Long Blades
   120 | D        | Reached skill level 5 in Throwing
   120 | D        | Reached XP level 5. HP: 43/46 MP: 5/5
   134 | D        | Entered arena 5.
   134 | D        | Noticed a merfolk
   134 | D        | Noticed a merfolk
   134 | D        | Noticed a merfolk
   134 | D        | Noticed a merfolk
   134 | D        | Found a transporter.
   141 | D        | Killed a merfolk
   142 | D        | Reached skill level 11 in Long Blades
   142 | D        | Reached skill level 1 in Armour
   142 | D        | Reached skill level 10 in Dodging
   142 | D        | Reached XP level 6. HP: 53/53 MP: 6/6
   147 | D        | Killed a merfolk
   148 | D        | Reached skill level 12 in Long Blades
   148 | D        | Reached XP level 7. HP: 50/60 MP: 7/7
   148 | D        | Killed a merfolk
   149 | D        | Reached skill level 5 in Shields
   153 | D        | Killed a merfolk
   154 | D        | Reached skill level 13 in Long Blades
   154 | D        | Reached XP level 8. HP: 63/67 MP: 8/8
   164 | D        | Entered arena 6.
   164 | D        | Found a transporter.
   174 | D        | Reached skill level 14 in Long Blades
   181 | D        | Got Cucritou's Folio of the Monk
   185 | D        | Entered arena 7.
   185 | D        | Noticed a toenail golem
   185 | D        | Noticed a toenail golem
   185 | D        | Noticed a toenail golem
   185 | D        | Noticed a toenail golem
   186 | D        | Found a transporter.
   191 | D        | Killed a toenail golem
   192 | D        | Killed a toenail golem
   193 | D        | Reached skill level 15 in Long Blades
   193 | D        | Reached XP level 9. HP: 69/75 MP: 9/9
   193 | D        | Killed a toenail golem
   198 | D        | Killed a toenail golem
   199 | D        | Reached skill level 16 in Long Blades
   208 | D        | Entered arena 8.
   208 | D        | Noticed a wolf spider
   208 | D        | Noticed a wolf spider
   209 | D        | Found a transporter.
   212 | D        | Killed a wolf spider
   213 | D        | Reached skill level 5 in Armour
   213 | D        | Reached skill level 10 in Shields
   213 | D        | Reached XP level 10. HP: 64/83 MP: 10/10
   215 | D        | Killed a wolf spider
   216 | D        | Reached skill level 17 in Long Blades
   218 | D        | Reached skill level 10 in Fighting
   230 | D        | Entered arena 9.
   230 | D        | Noticed a deep elf zephyrmancer
   230 | D        | Noticed a deep elf pyromancer
   230 | D        | Noticed a deep elf knight
   230 | D        | Noticed a deep elf knight
   230 | D        | Noticed a +2 heavy glaive
   230 | D        | Noticed a deep elf knight
   233 | D        | Found a transporter.
   234 | D        | a spriggan changed into a death drake
   234 | D        | Noticed a death drake (shapeshifter)
   240 | D        | Killed a death drake
   242 | D        | Killed a deep elf pyromancer
   242 | D        | Killed a deep elf knight
   243 | D        | Reached skill level 18 in Long Blades
   243 | D        | Reached skill level 1 in Evocations
   245 | D        | Killed a deep elf zephyrmancer
   248 | D        | Killed a deep elf knight
   251 | D        | Killed a deep elf knight
   252 | D        | Reached XP level 11. HP: 66/94 MP: 11/11
   254 | D        | Killed a +2 heavy glaive
   294 | D        | Got Anneenu's Lessons on Doom and Open Graves
   302 | D        | Entered arena 10.
   303 | D        | Found a transporter.
   308 | D        | Reached skill level 19 in Long Blades
   361 | D        | Entered arena 11.
   362 | D        | Found a transporter.
   381 | D        | Got the Atlas of Injurious Hypothermia
   384 | D        | Got the Incunable of Fulmination and Fascination
   403 | D        | Entered arena 12.
   403 | D        | Noticed a balrug
   403 | D        | Noticed a hellephant
   403 | D        | Noticed a balrug
   403 | D        | Noticed a hell hog
   403 | D        | Noticed a hell hog
   403 | D        | Noticed a searing wretch
   403 | D        | Noticed a hell hog
   403 | D        | Noticed a hell hog
   404 | D        | Noticed a Brimstone Fiend
   404 | D        | Found the +3 Mad Mage's Maulers {Infuse+∞ VampMP -Cast}
   412 | D        | Slain by a searing wretch

Illustrated notes

Levels and vault maps discovered:
D:        sprint_v [room_start, room_1, room_2, room_3, room_4, room_5, room_6,
          room_7, room_8, room_9, room_10, room_11, room_12, room_13, room_14,
          room_15, room_16, room_17, room_18, room_19, room_20, room_21,
          room_22, room_23, room_24, room_25, room_26, room_27]

Skill      XL: |  1  2  3  4  5  6  7  8  9 10 11 |
---------------+----------------------------------+-----
Fighting       | 4 5 6 7 8 9 11 12 | 12.1
Long Blades    | 5 7 9 11 12 13 15 16 18 19 | 19.1
Throwing       | 4 5 |  5.8
Dodging        | 6 7 9 10 11 | 11.7
Shields        | 2 3 4 6 8 10 13 | 13.7
Armour         | 1 2 3 4 5 6 |  6.7
Evocations     | 1 |  1.3

Action                     |  1- 3 |  4- 6 |  7- 9 | 10-12 || total
---------------------------+-------+-------+-------+-------++-------
  Melee: Double sword      |     2 |    18 |    19 |    41 ||    80
  Evoke: Box of beasts     |       |       |     1 |       ||     1
    Use: Potion            |     1 |     2 |       |     7 ||    10
 Armour: Plate armour      |     2 |    22 |    16 |    36 ||    76
  Dodge: Dodged            |       |     4 |     1 |     3 ||     8
  Block: Kite shield       |     4 |    46 |    37 |    71 ||   158

Table legend: (Time is in decaauts)
 A = Elapsed time spent in this place.
 B = Non-inter-level travel time spent in this place.
 C = Inter-level travel time spent in this place.
 D = Time resting spent in this place.
 E = Time spent auto-exploring this place.
 F = Levels seen in this place.
 G = Mean time per level.
                   A        B        C        D        E       F      G
               +--------+--------+--------+--------+--------+-----+--------+
         Total |    392 |    392 |      0 |      0 |     92 |   1 |  392.0 |
       Dungeon |    392 |    392 |      0 |      0 |     92 |   1 |  392.0 |
               +--------+--------+--------+--------+--------+-----+--------+

Top non-repeatable levels by time:
       D: 392 daAuts
